Map: Acolyte LE

Players

soul

  • Race: Terran Terran
  • Spawn Location: 1:00

Neeb - Winner!

  • Race: Protoss Protoss
  • Spawn Location: 7:00

Event: WCS Montreal 2017

VOD

Have the link to the VOD?

Description

Time

  • Played on: Sept. 9, 2017, 11:04 a.m.
  • Length: 10:20

All games in this series

Show
View Real Time Build Order
Export as new Build Order

soul Terran 

Build Orders: MMM Bio 

Get SALT Encoding   

  12  0:00  SCV  
  13  0:13  SCV  
  14  0:17  Supply Depot  
  14  0:25  SCV  
  15  0:32  Refinery  
  15  0:39  SCV  
  16  0:44  Barracks  
  16  0:51  SCV  
  17  1:03  SCV  
  18  1:20  SCV  
  20  1:32  Reaper  
  20  1:33  Orbital Command  
  20  1:48  Command Center  
  20  2:01  Factory  
  20  2:03  SCV  
  21  2:09  Refinery  
  21  2:12  Barracks Reactor  
  21  2:16  SCV  
  21  2:22  Supply Depot  
  22  2:28  SCV  
  23  2:43  SCV  
  24  2:46  Widow Mine  
  24  2:48  Starport  
  26  2:53  Marine x2  
  26  2:55  SCV  
  29  3:02  Starport  
  29  3:03  Orbital Command  
  29  3:07  SCV  
  29  3:11  Marine  
  31  3:20  SCV  
  31  3:21  Cyclone  
  34  3:27  Marine  
  34  3:30  Marine, SCV  
  34  3:32  SCV  
  37  3:42  Medivac, SCV  
  37  3:44  SCV  
  37  3:45  Marine  
  37  3:47  Supply Depot  
  37  3:48  Marine  
  43  3:54  SCV  
  44  3:56  SCV  
  45  4:03  Marine  
  45  4:05  Supply Depot  
  45  4:08  Widow Mine  
  45  4:09  SCV x2  
  50  4:12  Supply Depot  
  47  4:17  Viking  
  47  4:21  SCV x2  
  50  4:26  Marine  
  50  4:30  Marine  
  50  4:33  SCV x2  
  52  4:44  Barracks  
  53  4:45  SCV  
  53  4:48  Marine x2, SCV  
  56  4:57  SCV  
  55  5:00  SCV  
  55  5:05  Marine  
  55  5:06  Marine  
  53  5:08  Barracks, Engineering Bay  
  53  5:09  SCV  
  53  5:13  SCV  
  55  5:18  Supply Depot  
  55  5:20  Refinery  
  53  5:22  SCV  
  53  5:23  Marine  
  53  5:24  Marine  
  53  5:25  SCV  
  57  5:29  Starport Tech Lab  
  57  5:34  SCV  
  58  5:37  SCV  
  58  5:38  Terran Infantry Weapons Level 1  
  58  5:39  Barracks Tech Lab  
  59  5:44  Marine  
  59  5:46  Marine, SCV  
  59  5:49  SCV  
  63  5:52  Missile Turret  
  63  5:54  Starport Reactor  
  63  5:57  Refinery  
  63  5:58  SCV  
  63  5:59  Stimpack  
  63  6:00  Marauder  
  63  6:03  Supply Depot x2  
  66  6:05  SCV  
  66  6:08  Combat Shields  
  66  6:10  Marauder  
  65  6:13  SCV  
  65  6:17  SCV  
  64  6:25  SCV  
  64  6:26  Marine x2, Marauder  
  64  6:29  SCV  
  64  6:31  Medivac x2  
  74  6:37  Marauder  
  74  6:39  Factory Reactor, SCV  
  77  6:41  SCV  
  77  6:43  Marine  
  79  6:48  Marauder  
  79  6:49  Marine  
  79  6:52  SCV  
  83  6:58  Marine, SCV  
  85  7:01  Medivac x2  
  85  7:06  Barracks x2  
  89  7:10  Marine  
  89  7:11  Marine, Marauder  
  89  7:13  SCV  
  94  7:18  Supply Depot  
  94  7:19  SCV, Marauder  
  94  7:20  Supply Depot  
  94  7:21  Widow Mine  
  99  7:23  Widow Mine  
  99  7:27  Concussive Shells  
  99  7:28  SCV  
  102  7:40  Medivac x2, Marine, Marauder  
  102  7:41  Marine  
  110  7:47  Marauder  
  110  7:50  Widow Mine  
  114  7:58  Barracks Reactor  
  114  7:59  Command Center  
  114  8:00  Barracks Tech Lab  
  114  8:01  SCV  
  115  8:07  Supply Depot  
  115  8:10  Supply Depot  
  115  8:13  Terran Infantry Armor Level 1  
  115  8:15  SCV  
  115  8:20  Widow Mine  
  115  8:25  SCV  
  118  8:28  Widow Mine  
  118  8:30  Marine, Marauder  
  118  8:33  Marine  
  118  8:34  Supply Depot, Marauder  
  122  8:35  Marine  
  122  8:37  SCV  
  122  8:41  SCV  
  125  8:46  Marine  
  125  8:47  Marauder  
  127  8:49  SCV  
  127  8:51  Widow Mine  
  127  8:53  Marine  
  127  8:54  SCV  
  132  8:57  Widow Mine  
  132  9:01  Marine  
  132  9:02  Marauder  
  136  9:06  Marine  
  136  9:07  Marauder  
  136  9:08  SCV  
  140  9:15  Orbital Command  
  135  9:17  SCV  
  135  9:19  Marine  
  135  9:20  Marauder  
  137  9:24  Viking  
  137  9:26  Marine  
  137  9:27  Marauder  
  137  9:30  Marauder  
  137  9:36  Marine  
  121  9:41  Marauder  
  121  9:45  Widow Mine  
  119  9:48  Marauder  
  119  9:52  Marine  
  118  9:53  Marauder  
  118  9:55  SCV x2  
  118  9:56  Marine, SCV, Refinery  
  118  9:57  Refinery  
  123  10:01  Marine x2  
  125  10:07  SCV  
  125  10:08  SCV  
Show
View Real Time Build Order
Export as new Build Order

Neeb Protoss - Winner!

Build Orders: 1 Gate Expand, Oracle Opening 

Get SALT Encoding   

  12  0:00  Probe (Chrono Boost)  
  13  0:11  Probe (Chrono Boost)  
  14  0:17  Pylon  
  14  0:22  Probe (Chrono Boost)  
  15  0:35  Probe (Chrono Boost)  
  16  0:36  Gateway  
  16  0:46  Probe (Chrono Boost)  
  16  0:47  Assimilator  
  17  0:56  Probe (Chrono Boost)  
  18  1:07  Probe (Chrono Boost)  
  19  1:17  Probe (Chrono Boost)  
  20  1:24  Nexus  
  20  1:32  Cybernetics Core  
  20  1:35  Probe (Chrono Boost)  
  21  1:43  Assimilator  
  21  1:46  Probe (Chrono Boost)  
  22  1:50  Pylon  
  22  1:57  Probe (Chrono Boost)  
  24  2:08  Probe, Adept (Chrono Boost)  
  24  2:09  Warp Gate  
  26  2:20  Probe  
  27  2:29  Stargate  
  27  2:32  Probe  
  27  2:34  Adept (Chrono Boost)  
  27  2:35  Probe  
  31  2:44  Probe  
  31  2:46  Probe  
  32  2:56  Probe x2  
  32  2:58  Adept (Chrono Boost)  
  36  3:03  Pylon  
  36  3:07  Probe  
  36  3:09  Probe  
  38  3:15  Oracle (Chrono Boost)  
  38  3:17  Probe  
  42  3:21  Probe  
  43  3:28  Probe  
  43  3:33  Probe  
  45  3:38  Probe  
  46  3:45  Probe  
  46  3:46  Nexus  
  46  3:47  Oracle (Chrono Boost)  
  50  3:50  Probe  
  50  3:51  Pylon  
  51  3:57  Probe  
  51  4:02  Assimilator, Mothership Core  
  52  4:06  Assimilator  
  52  4:09  Probe, Pylon  
  55  4:21  Probe x2  
  55  4:23  Phoenix (Chrono Boost)  
  59  4:32  Probe  
  59  4:33  Probe  
  59  4:34  Pylon  
  59  4:36  Gateway  
  61  4:38  Gateway  
  61  4:42  Probe  
  61  4:43  Pylon  
  62  4:45  Probe  
  60  4:53  Probe  
  60  4:56  Probe  
  60  4:57  Probe  
  62  5:03  Probe  
  62  5:06  Pylon  
  62  5:07  Probe  
  62  5:09  Forge  
  62  5:10  Probe  
  62  5:13  Forge  
  64  5:15  Probe (Chrono Boost), Sentry  
  64  5:18  Probe (Chrono Boost)  
  64  5:20  Pylon  
  68  5:22  Probe (Chrono Boost)  
  68  5:26  Probe (Chrono Boost)  
  70  5:29  Robotics Facility  
  70  5:30  Probe (Chrono Boost)  
  70  5:32  Probe (Chrono Boost), Pylon  
  72  5:37  Probe (Chrono Boost)  
  72  5:40  Protoss Ground Weapons Level 1 (Chrono Boost), Probe (Chrono Boost), Protoss Ground Armor Level 1 (Chrono Boost)  
  74  5:43  Probe (Chrono Boost)  
  74  5:46  Probe (Chrono Boost)  
  76  5:50  Probe  
  76  5:54  Probe  
  76  5:56  Probe  
  78  5:57  Assimilator, Sentry x2  
  78  5:58  Assimilator  
  78  6:03  Probe  
  84  6:06  Probe, Pylon  
  84  6:07  Probe  
  86  6:15  Probe  
  86  6:18  Probe x2  
  88  6:24  Observer (Chrono Boost)  
  90  6:27  Probe, Robotics Bay  
  90  6:31  Stalker x3  
  97  6:36  Gateway x2  
  97  6:39  Gateway  
  97  6:41  Pylon  
  97  6:42  Pylon x2  
  97  6:45  Immortal (Chrono Boost)  
  101  6:50  Gateway  
  101  6:51  Gateway  
  101  6:54  Twilight Council, Pylon  
  101  6:58  Pylon  
  101  7:04  Photon Cannon  
  101  7:05  Stalker x2  
  105  7:11  Probe x2  
  105  7:12  Probe  
  105  7:13  Protoss Ground Weapons Level 2, Protoss Ground Armor Level 2  
  108  7:18  Extended Thermal Lance, Colossus (Chrono Boost)  
  114  7:33  Blink (Chrono Boost)  
  114  7:40  Stalker x3  
  114  7:43  Stalker  
  122  7:58  Pylon  
  122  7:59  Pylon  
  122  8:01  Pylon  
  122  8:06  Stalker x5  
  122  8:07  Stalker x2  
  136  8:16  Colossus  
  136  8:19  Pylon  
  142  8:33  Nexus  
  140  8:35  Probe x3, Pylon  
  140  8:41  Stalker  
  145  8:42  Stalker x4  
  151  8:48  Stalker x2  
  151  8:49  Stalker  
  151  8:53  Photon Cannon  
  157  9:00  Gateway  
  157  9:03  Gateway  
  157  9:05  Templar Archives  
  157  9:14  Stalker x4  
  165  9:24  Probe x3  
  160  9:36  Probe  
  157  9:40  Stalker x3  
  161  9:48  Stalker x3  
  165  9:53  Assimilator  
  165  9:54  Assimilator  
  165  9:56  Stalker x2  
  168  10:20  Stalker x7  
Tags
 
Add a new tag
Caveats
  • Supply blocks, unpowered buildings, or Contaminate may cause inaccurate times.
  • Supply counts are checked every 10 seconds.